 Dungeon Crawl Stone Soup version 0.22.0 (webtiles) character file.

108 MTVSty1e the Skirmisher (level 4, -4/30 HPs)
             Began as a Gargoyle Monk on Aug 11, 2018.
             Killed by nerve-wracking pain
             ... invoked by an orc priest
              (6 damage)
             ... on level 2 of the Dungeon.
             The game lasted 00:01:34 (1795 turns).

MTVSty1e the Skirmisher (Gargoyle Monk)             Turns: 1795, Time: 00:01:35

Health: -4/30      AC:  6    Str: 16    XL:     4   Next: 87%
Magic:  4/4        EV: 12    Int: 10    God:
Gold:   43         SH:  0    Dex: 12    Spells: 3/3 levels left

rFire    . . .     SeeInvis .   a - +0 hand axe
rCold    . . .     Gourm    .   (no shield)
rNeg     + . .     Faith    .   b - +0 robe
rPois    ∞         Spirit   .   (no helmet)
rElec    +         Reflect  .   e - +0 cloak (curse)
rCorr    .         Harm     .   (no gloves)
MR       .....                  (no boots)
Stlth    ++........             (no amulet)
HPRegen  0.10/turn              (no ring)
MPRegen  0.09/turn              (no ring)

@: no status effects
A: negative energy resistance 1, electricity resistance, unbreathing,
petrification resistance, rot immunity, AC +3
a: no special abilities


You were on level 2 of the Dungeon.
You were not hungry.

You visited 1 branch of the dungeon, and saw 2 of its levels.

You collected 43 gold pieces.

Inventory:

Hand Weapons
 a - a +0 hand axe (weapon)
Armour
 b - a +0 robe (worn)
 e - a cursed +0 cloak (worn)
Jewellery
 h - a +2 ring of slaying {unknown}
 p - an uncursed ring of see invisible {unknown}
Scrolls
 d - a scroll of amnesia {unknown}
 f - a scroll of teleportation {unknown}
 l - 2 scrolls of blinking {unknown}
 m - 2 scrolls of remove curse {unknown}
Potions
 g - a potion of curing {unknown}
 i - 2 potions of mutation {unknown}
 j - 2 potions of haste {unknown}
 k - a potion of invisibility {unknown}
 n - a potion of might {unknown}
 o - a potion of magic {unknown}
 q - a potion of lignification {unknown}
Comestibles
 c - 2 rations


   Skills:
 + Level 4.3 Fighting
 * Level 4.3 Axes
 - Level 2.4 Dodging
 - Level 2.1 Stealth


You had 3 spell levels left.
You didn't know any spells.
Your spell library was empty.

Dungeon Overview and Level Annotations

Branches:
Dungeon (2/15)

Altars:
Ashenzari
Zin


Innate Abilities, Weirdness & Mutations

You are resistant to torment.
Your stone body is resilient. (AC +3)
You are immune to poison.
You resist negative energy. (rN+)
You are resistant to electric shocks. (rElec)
You can survive without breathing.
You are immune to petrification.
You are immune to rotting.


Message History

The orc priest looks satisfied for a moment.
You completely miss the orc priest.
The orc priest is lightly wounded.
The orc priest calls down the wrath of Beogh upon you.
Beogh smites you!
* * * LOW HITPOINT WARNING * * *
You hit the orc priest.
The orc priest is heavily wounded.
The orc priest closely misses you.
The orc priest calls upon Beogh to heal the orc priest.
The orc priest is healed somewhat.
You slash the orc priest!
The orc priest is severely wounded.
The orc priest hits you with a hand axe.
* * * LOW HITPOINT WARNING * * *
You barely miss the orc priest.
The orc priest is severely wounded.
The orc priest calls down the wrath of Beogh upon you.
Pain shoots through your body!
You die...

#.#.........# ###.#.########
#.##.##.....####...#.......#
#...........##........####.#
####.##.....##........# #
#.##.....##........# #
#.##......'........# #
#.##.....##..o.....####. #
#.##.....####o#.....oo..
####.##.....# #@##..o.....
.....##.########.##l.......
....##.........#.##........
###.##.........#.##........
#.##.........#.##........
###.##.........#.#..#.#####
....##..........(#.##.#
.##.##.........###. .#
.#.............# #. .#


You could see 2 orc priests.

Vanquished Creatures
  Natasha (thrice) (D:2)
  A gnoll (D:1)
  An ooze (D:1)
  2 leopard geckos (D:2)
  An orc (D:2)
  4 bats
  2 giant cockroaches
  3 goblins (D:1)
  4 hobgoblins
  4 kobolds
  A frilled lizard (D:2)
  3 rats
29 creatures vanquished.

Notes
Turn   | Place    | Note
-------+----------+-------------------------------------------
     0 | D:1      | MTVSty1e the Gargoyle Monk began the quest for the Orb.
     0 | D:1      | Reached XP level 1. HP: 14/14 MP: 1/1
    18 | D:1      | Reached XP level 2. HP: 15/19 MP: 2/2
   414 | D:1      | Reached XP level 3. HP: 24/24 MP: 3/3
   952 | D:2      | Found a faded altar of an unknown god.
   969 | D:2      | Noticed Natasha
  1094 | D:2      | Found a shattered altar of Ashenzari.
  1094 | D:2      | Found a glowing silver altar of Zin.
  1246 | D:2      | Killed Natasha
  1246 | D:2      | Reached XP level 4. HP: 11/29 MP: 4/4
  1444 | D:2      | Noticed Natasha
  1457 | D:2      | Killed Natasha
  1460 | D:2      | Noticed Natasha
  1471 | D:2      | Killed Natasha
  1795 | D:2      | Killed from afar by an orc priest

Skill      XL: |  1  2  3  4 |
---------------+-------------+-----
Axes           | 3 4 |  4.3
Fighting       | 4 |  4.3
Dodging        | |  2.4
Stealth        | |  2.1

Action                   |  1- 3 |  4- 6 || total
-------------------------+-------+-------++-------
Melee: Hand axe          |    90 |    32 ||   122
 Stab: Sleeping          |     4 |       ||     4
  Eat: Ration            |       |     1 ||     1
Armor: Robe              |    31 |     6 ||    37
Dodge: Dodged            |    62 |    21 ||    83
